 Dungeon Crawl Stone Soup version 0.29.0-11-gd7f09526c8 (webtiles) character file.

Game seed: 8804967343545698325

39722 greasedhog the Skirmisher (level 13, -2/113 HPs)
             Began as a Demigod Arcane Marksman on Sept 6, 2022.
             Drowned by a drowned soul (13 damage)
             ... summoned by a merfolk avatar
             ... on level 5 of the Lair of Beasts.
             The game lasted 00:48:41 (28379 turns).

greasedhog the Skirmisher (DgAM)                   Turns: 28379, Time: 00:48:43

Health: -2/113     AC:  9    Str: 11    XL:     13   Next: 36%
Magic:  13/17      EV: 15    Int: 19    God:
Gold:   533        SH:  6    Dex: 26    Spells: 1/14 levels left

rFire   . . .      SeeInvis .   t - +3 greatsling "Punk" {acid, rCorr}
rCold   + + .      Faith    .   c - +0 buckler
rNeg    . . .      Spirit   .   a - +0 troll leather armour
rPois   .          Reflect  .   (no helmet)
rElec   .          Harm     .   C - +2 cloak
rCorr   +          Rampage  .   k - +0 pair of gloves
Will    +....                   (no boots)
Stlth   ++........              e - amulet of Hicij {Acrobat rC+}
HPRegen 1.08/turn               j - ring of protection from cold
MPRegen 0.15/turn               v - ring of resist corrosion

@: mesmerised
A: high MP 1, forlorn, divine attributes
a: no special abilities


You were on level 5 of the Lair of Beasts.
You visited 2 branches of the dungeon, and saw 16 of its levels.

You collected 1284 gold pieces.
You spent 751 gold pieces at shops.

Inventory:

Hand Weapons
 t - the +3 greatsling "Punk" (weapon) {acid, rCorr}
   (You bought it in a shop on level 2 of the Dungeon)

   Any ammunition fired from it is coated in acid, damaging and corroding those
   it strikes.
   rCorr:     It protects you from acid and corrosion.
Missiles
 A - a throwing net
Armour
 a - a +0 troll leather armour (worn)
 c - a +0 buckler (worn)
 k - a +0 pair of gloves (worn)
 C - a +2 cloak (worn)
Jewellery
 e - the amulet of Hicij (around neck) {Acrobat rC+}
   (You acquired it on level 4 of the Dungeon)

   [amulet of the acrobat]

   It increases your evasion while moving and waiting.
   rC:        It protects you from cold.
 j - a ring of protection from cold (left hand)
 q - a ring of flight
 r - a ring of fire
 v - a ring of resist corrosion (right hand)
 B - a ring of poison resistance
Wands
 b - a wand of flame (5)
 F - a wand of mindburst (10)
Scrolls
 d - 6 scrolls of teleportation
 g - 3 scrolls of identify
 i - 2 scrolls of blinking
 l - 3 scrolls of amnesia
 m - 3 scrolls of butterflies
 u - a scroll of vulnerability
 y - 4 scrolls of enchant armour
 z - 2 scrolls of magic mapping
 D - 2 scrolls of enchant weapon
Potions
 h - 4 potions of attraction
 n - 4 potions of mutation
 o - 5 potions of flight
 p - 4 potions of curing
 s - a potion of haste
 w - 2 potions of ambrosia
 x - 2 potions of brilliance
 E - a potion of resistance {unknown}
 H - a potion of magic {unknown}
Miscellaneous
 G - a phantom mirror


   Skills:
 - Level 10.2 Fighting
 - Level 14.0 Ranged Weapons
 - Level 5.0 Armour
 - Level 5.5 Dodging
 * Level 2.6 Shields
 - Level 1.0 Spellcasting
 - Level 10.3 Hexes
 - Level 3.2 Translocations
 * Level 4.9 Evocations


You had one spell level left.
You knew the following spells:

 Your Spells              Type           Power      Damage    Failure   Level
a - Slow                  Hex            100%       N/A       1%          1
b - Portal Projectile     Hex/Tloc       52%        N/A       6%          3
c - Blink                 Tloc           26%        N/A       13%         2
d - Cause Fear            Hex            20%        N/A       4%          4
e - Inner Flame           Hex/Fire       20%        N/A       12%         3

Your spell library contained the following spells:

 Spells                   Type           Power      Damage    Failure   Level
 Lesser Beckoning         Tloc           13%        N/A       26%         3
 Sublimation of Blood     Necr           0%         N/A       43%         2
 Wereblood                Tmut           0%         N/A       43%         2
 Ozocubu's Armour         Ice            0%         N/A       67%         3
 Metabolic Englaciation   Hex/Ice        10%        N/A       71%         5
 Manifold Assault         Tloc           13%        N/A       93%         5
 Airstrike                Air            0%         2d(0-16)  97%         4
 Summon Lightning Spire   Summ/Air       0%         N/A       97%         4
 Lightning Bolt           Conj/Air       0%         1d11      100%        5
 Simulacrum               Ice/Necr       0%         N/A       100%        6
 Storm Form               Tmut/Air       0%         N/A       100%        7
 Summon Hydra             Summ           0%         N/A       100%        7
 Maxwell's Capacitive Co  Air            0%         ∞         100%        8


Dungeon Overview and Level Annotations

Branches:
Dungeon (11/15)            Temple (0/1) D:5            Lair (5/5) D:11
 Shoals (0/4) Lair:2        Snake (0/4) Lair:2        Slime (0/5) Lair:4
    Orc (0/2) D:10

Shops:
D:2 [*:(   D:11 :

Annotations:
D:8 4 transporters
D:10 3 runed translucent doors, exclusion: ice statue, Arctor's ghost, novice DrIE
Lair:5 1 runed translucent door, smilodon's ghost, journeyman DsFi


Innate Abilities, Weirdness & Mutations

You have an increased reservoir of magic. (+10% MP)
You shall have no god before yourself.
Your divine heritage dramatically boosts your attributes as you level up.


Message History

You shoot a sling bullet.
The sling bullet hits the merfolk avatar!
The merfolk avatar is splashed with acid.
The merfolk avatar is lightly wounded.
Casting: Inner Flame (mildly dangerous; 12% risk of failure)
Confirm with . or Enter, or press ? or * to list all spells.
Casting: Cause Fear (dangerous; 4% risk of failure)
Press: ? - help, Dir - look around, f - activate The drowned soul is unaffected. x4
The merfolk avatar resists with almost no effort.
The drowned soul touches you. The drowned soul drowns you!
The drowned soul touches you. The drowned soul drowns you!
* * * LOW HITPOINT WARNING * * *
The merfolk avatar chants its luring song.
The drowned soul touches you. The drowned soul drowns you!
* * * LOW HITPOINT WARNING * * *
Blink to where?
Press: ? - help, Dir - move target
As you read the scroll of blinking, it crumbles to dust.
The pull of its song draws you forwards.
You enter the shallow water.
Moving in this stuff is going to be slow.
The merfolk avatar chants its luring song.
As you read the scroll of summoning, it crumbles to dust.
Wisps of shadow whirl around you...
The merfolk avatar chants its luring song.
What are your orders? t - Shout!
Orders for allies: a - Attack new target. r - Retreat! s - Stop attacking. g - Guard the area. f - Follow me.
Anything else - Cancel.
Gang up on whom?
Press: ? - help, Dir - move target, f - merfolk avatar
Aim: a merfolk avatar (lightly wounded, mesmerising, ally target) Attack!
The pull of its song draws you forwards.
You swap places with your wolf.
Your wolf bites the drowned soul.
The drowned soul touches you. The drowned soul drowns you!
You die...

~~~~~# ~~~~~~#~ P~~~. .
.~~~~# ~~~~~~~~~ ~~#~ ..
.##~~# ~~~~F~~ ~~~#~..
.~~~~#8 ~F~ ~~~~...
.~~~~.#########.###~~~~. .
†##~~#⌠~~~~~~~~~F⌠#~.#~~..
†##~~#~~P8~~~~8hhFhD~~~...
~~~~.#~~~~#####~h~#~~~~~..
..~#..~~ #![[:Wm@#.#~~P...
.~.~#~.~ #(≈≈[#P~h~~.~~...
.#~~~~~#~#!W≈)#~.P~~~P#...
.~~~.~~~~.~~!(~~.~~~~~~~.#
~~P#~#..~##~~##~~###~~~~~.
~~#~~#~~~.~~~~8~~~~ ~##~.
~~#~~#⌠~~~~~~~~~~⌠. ~# ..
~~~P~#####~~~~##...
.~~~~#.~~~~~~~~~~8#~~


You could see a merfolk avatar (mesmerising, ally target), 2 drowned souls, a
friendly six-headed hydra (summoned), 3 friendly blink frogs and 5 friendly
wolves.

Vanquished Creatures
  3 hydras
  A catoblepas (Lair:5)
  2 two-headed ogres
  Nergalle (Lair:1)
  Pikel (D:7)
  8 elephants
  2 manticores (Lair:5)
  Joseph (D:7)
  A guardian serpent (Lair:2)
  17 cane toads
  6 black mambas
  2 rime drakes (Lair:5)
  11 komodo dragons
  5 kobold demonologists
  A troll (D:11)
  2 polar bears
  2 wind drakes (Lair:5)
  22 blink frogs
  2 hornets
  3 shadows
  A vampire (D:11)
  2 wraiths
  8 wyverns
  22 yaks
  3 basilisks
  3 vampire mosquitoes (D:10)
  Menkaure (D:5)
  A steam dragon (Lair:5)
  An acid dragon (D:9)
  15 water moccasins
  2 orc warriors
  2 ice beasts (D:7)
  A black bear (D:6)
  2 centaurs (D:9)
  6 phantoms
  2 ogres
  16 wolves
  8 kobold brigands
  A necrophage (D:4)
  13 bullfrogs
  2 scorpions
  3 wights
  6 killer bees
  A troll zombie (D:10)
  3 howler monkeys
  A crimson imp (D:4)
  5 hounds
  6 orc priests
  2 jellies
  13 orc wizards
  3 iguanas
  A hell rat (Lair:3)
  5 ogre zombies (D:10)
  10 gnolls
  3 adders
  A shadow imp (D:7)
  2 white imps
  An ufetubus (D:4)
  2 worms
  4 dart slugs
  43 orcs
  7 endoplasms
  A giant cockroach (D:3)
  17 goblins
  12 hobgoblins
  18 kobolds
  2 quokkas (D:1)
  5 ball pythons
  6 bats
  A frilled lizard (D:1)
  A goblin skeleton (D:10)
  2 goblin zombies (D:10)
  2 hobgoblin zombies (D:10)
  3 orc skeletons (D:10)
  11 orc zombies (D:10)
  8 rats
416 creatures vanquished.

Vanquished Creatures (collateral kills)
  A wyvern (D:8)
  A yak (D:10)
  5 killer bees
  An orc priest (D:6)
  2 orcs (D:9)
  A goblin (D:4)
11 creatures vanquished.

Vanquished Creatures (others)
  A yak (D:10)
  2 lemures (D:7)
  6 killer bees
  A howler monkey (D:4)
  An iguana (D:5)
  An orc wizard (D:11)
  A quokka (D:3)
  2 bushes (D:11)
  69 fungi
  65 plants
149 creatures vanquished.

Grand Total: 576 creatures vanquished

Notes
Turn   | Place    | Note
-------+----------+-------------------------------------------
     0 | D:1      | greasedhog the Demigod Arcane Marksman began the quest for
                  | the Orb.
     0 | D:1      | Reached XP level 1. HP: 15/15 MP: 4/4
   111 | D:1      | Reached skill level 1 in Fighting
   238 | D:1      | Reached skill level 2 in Ranged Weapons
   430 | D:1      | Reached XP level 2. HP: 23/23 MP: 2/5
  1029 | D:2      | Found Souny's Antique Weapon Shoppe.
  1101 | D:2      | Found Noomul's Assorted Antiques.
  1163 | D:2      | Found Ugen's Armour Boutique.
  1344 | D:2      | Reached XP level 3. HP: 16/29 MP: 4/6
  1879 | D:2      | Found Keibleg's Book Boutique.
  2116 | D:3      | Learned a level 3 spell: Portal Projectile
  2203 | D:3      | Reached skill level 3 in Ranged Weapons
  2245 | D:3      | Reached XP level 4. HP: 27/37 MP: 5/8
  3507 | D:4      | Noticed a kobold brigand
  3873 | D:3      | Killed a kobold brigand
  3874 | D:3      | Reached XP level 5. HP: 22/45 MP: 9/9
  4100 | D:4      | Reached skill level 4 in Ranged Weapons
  4354 | D:4      | Identified a scroll of acquirement
  4357 | D:4      | Acquired the amulet of Hicij {Acrobat rC+}
  4953 | D:4      | Reached XP level 6. HP: 43/51 MP: 10/10
  5315 | D:4      | Identified the +1 mace "String" {vorpal, *Slow rElec MP-9
                  | Str+10}
  5415 | D:5      | Entered Level 5 of the Dungeon
  5452 | D:5      | Reached skill level 5 in Ranged Weapons
  6479 | D:5      | Found a staircase to the Ecumenical Temple.
  6483 | D:5      | Noticed Menkaure
  6492 | D:5      | Killed Menkaure
  6493 | D:5      | Reached skill level 5 in Hexes
  6493 | D:5      | Reached XP level 7. HP: 57/57 MP: 11/11
  6974 | D:5      | Reached skill level 6 in Ranged Weapons
  8316 | D:6      | Learned a level 2 spell: Blink
  8427 | D:6      | Reached XP level 8. HP: 35/63 MP: 12/12
  8921 | D:6      | Reached skill level 7 in Ranged Weapons
 10012 | D:7      | Noticed Joseph
 10022 | D:7      | Killed Joseph
 10023 | D:7      | Reached skill level 5 in Dodging
 10547 | D:7      | Reached skill level 8 in Ranged Weapons
 10935 | D:7      | Reached XP level 9. HP: 68/71 MP: 13/13
 11205 | D:7      | Noticed Pikel
 11248 | D:7      | HP: 3/72 [Pikel/+2 whip of freezing (1)]
 11251 | D:7      | Killed Pikel
 11252 | D:7      | Reached skill level 5 in Fighting
 11610 | D:7      | Reached skill level 9 in Ranged Weapons
 11752 | D:7      | Reached skill level 1 in Translocations
 11953 | D:7      | Noticed a balrug
 11956 | D:7      | Noticed a hellwing
 11956 | D:7      | Noticed a hellwing
 12342 | D:8      | Noticed a kobold demonologist
 12347 | D:8      | Noticed a soul eater
 13219 | D:8      | Killed a kobold demonologist
 13679 | D:8      | Found a transporter.
 13681 | D:8      | Found a transporter.
 13683 | D:8      | Found a transporter.
 13683 | D:8      | Found a transporter.
 13976 | D:8      | Learned a level 4 spell: Cause Fear
 13987 | D:9      | Noticed a kobold demonologist
 14187 | D:8      | Noticed an ice devil
 14193 | D:8      | Killed a kobold demonologist
 14354 | D:9      | Identified the +6 mace of the Writhing Vulture {freeze,
                  | *Slow rC+ rN+}
 14441 | D:9      | Paralysed by a hornet for 1 turns
 14450 | D:9      | Paralysed by a hornet for 3 turns
 14458 | D:9      | Reached XP level 10. HP: 13/81 MP: 14/14
 14795 | D:9      | Reached skill level 10 in Ranged Weapons
 15546 | D:9      | You are sucked into a shaft and drop 2 floors!
 15585 | D:10     | Entered Level 10 of the Dungeon
 15588 | D:10     | Noticed an ice statue
 16146 | D:10     | Noticed a two-headed ogre
 16195 | D:10     | Found a staircase to the Orcish Mines.
 17112 | D:10     | Found a runed translucent gate.
 17112 | D:10     | Found a runed translucent gate.
 17112 | D:10     | Found a runed translucent gate.
 17120 | D:10     | Noticed a boulder beetle
 17122 | D:10     | Noticed Arctor's ghost (novice DrIE)
 17123 | D:10     | Noticed a death drake
 17123 | D:10     | a culicivora changed into a death drake
 17127 | D:10     | Noticed a torpor snail
 17127 | D:10     | a death drake changed into a torpor snail
 17657 | D:10     | Reached skill level 11 in Ranged Weapons
 17753 | D:10     | Killed a two-headed ogre
 18210 | D:10     | Noticed a swamp dragon
 18756 | D:10     | Noticed a shock serpent
 18986 | D:10     | Noticed a two-headed ogre
 18993 | D:10     | a two-headed ogre changed into a snapping turtle
 20354 | D:10     | Noticed an anaconda
 20751 | D:11     | Reached XP level 11. HP: 63/88 MP: 15/15
 21286 | D:2      | Bought the +3 greatsling "Punk" {acid, rCorr} for 751 gold
                  | pieces
 21286 | D:2      | Found the +3 greatsling "Punk" {acid, rCorr}
 21962 | D:11     | Reached skill level 12 in Ranged Weapons
 21976 | D:11     | Noticed a two-headed ogre
 21982 | D:11     | Killed a two-headed ogre
 21994 | D:11     | Found a staircase to the Lair.
 22181 | D:11     | Found Udufan's Book Boutique.
 22915 | Lair:1   | Entered Level 1 of the Lair of Beasts
 22915 | Lair:1   | Noticed Nergalle
 22915 | Lair:1   | Noticed a six-headed hydra
 22959 | Lair:1   | Killed Nergalle
 23001 | Lair:1   | Killed a six-headed hydra
 23131 | Lair:1   | Reached skill level 10 in Hexes
 23179 | Lair:1   | Identified the +3 ring mail of Evosuymn {*Corrode rElec
                  | Int+8}
 23806 | Lair:2   | Reached skill level 13 in Ranged Weapons
 24175 | Lair:2   | Found a staircase to the Snake Pit.
 24181 | Lair:2   | Reached XP level 12. HP: 68/96 MP: 13/16
 24482 | Lair:2   | Found a staircase to the Shoals.
 25567 | Lair:3   | Reached skill level 14 in Ranged Weapons
 25779 | Lair:3   | Reached skill level 1 in Armour
 26272 | Lair:4   | Found a staircase to the Slime Pits.
 26674 | Lair:4   | Noticed a five-headed hydra
 26690 | Lair:4   | Killed a five-headed hydra
 27043 | Lair:4   | You fall into a shaft and drop 1 floor!
 27043 | Lair:5   | Entered Level 5 of the Lair of Beasts
 27312 | Lair:5   | Noticed a four-headed hydra
 27318 | Lair:5   | Killed a four-headed hydra
 27319 | Lair:5   | Reached skill level 5 in Armour
 27350 | Lair:5   | Noticed a catoblepas
 27363 | Lair:5   | Reached skill level 1 in Evocations
 27376 | Lair:5   | Reached XP level 13. HP: 77/111 MP: 6/17
 27555 | Lair:5   | HP: 5/113 [komodo dragon (21)]
 27694 | Lair:5   | Found a runed translucent door.
 27694 | Lair:5   | Noticed smilodon's ghost (journeyman DsFi)
 27736 | Lair:5   | Reached skill level 10 in Fighting
 27740 | Lair:5   | Learned a level 3 spell: Inner Flame
 27862 | Lair:5   | Reached skill level 1 in Shields
 28379 | Lair:5   | Drowned by a drowned soul

Illustrated notes

Levels and vault maps discovered:
D:1:      nagdon_arrival_zigzag_paths, layout_loops_ring, minmay_vboxes
D:2:      cheibrodos_greedy_goblins, layout_loops_ring, serial_shops, shop,
          shop, nicolae_shop_advertising_works [nicolae_subvault_shop_adworks],
          nicolae_shop_statue_plus
D:3:      layout_basic, nicolae_elyvilon_temple_path, minivault_23,
          chequers_big_river, kennysheep_generic_room_13
D:4:      layout_loops_ring, old_standard_altar, kennysheep_pointless_box,
          minmay_fire_ice_demons
D:5:      layout_rooms, general_overflow_altar, minmay_temple_entry_tees,
          uniq_menkaure
D:6:      layout_basic, led_sif_pool, gammafunk_temple_overflow_claw
D:7:      layout_basic, mainiacjoe_overflow_chevrons, zin_academy,
          doesnt_xom_only_xom, makhleb_altar_promises_db, enter_bailey_5,
          minmay_misc_feat_room, hangedman_minor_gate_pass, uniq_joseph,
          uniq_pikel
D:8:      layout_loops_cross, lemuel_crystal_altar, minmay_misc_feat_roman,
          nicolae_diode_quadrants, uniq_prince_ribbit1
D:9:      layout_loops_cross, kennysheep_donut
D:10:     layout_loops_ring, nicolae_overflow_crystal_walls, zombieorc1_lemuel,
          ebering_ghost_gozag, minivault_16, minivault_23
D:11:     layout_layer_cave, minmay_lair_entry_grove, serial_shops, shop,
          trog_antimagical
Lair:1:   layout_roguey, minivault_27, grunt_megastairs_5, uniq_nergalle
Lair:2:   layout_regular_city, elwin_shoals_entry_rocks,
          minmay_snake_entry_spellcaster, serial_rivers,
          chequers_serial_rivers_marsh, chequers_serial_rivers_micro_d,
          chequers_serial_rivers_micro_c, chequers_serial_rivers_large_b,
          chequers_serial_rivers_small_3
Lair:3:   layout_regular_city, st_stairs_4, beast_lair_carwin_8,
          infiniplex_staircase_pool_2, grunt_megastairs_2
Lair:4:   layout_hall_layers, slime_entry_1, serial_bayou_shore_b
Lair:5:   gammafunk_lair_ancient_temple, layout_layer_cave,
          hellmonk_ghost_happy_afterlife

Skill      XL: |  1  2  3  4  5  6  7  8  9 10 11 12 13 |
---------------+----------------------------------------+-----
Fighting       | 1 2 3 4 5 6 9 10 | 10.2
Ranged Weapons | 2 3 4 5 6 8 9 11 13 14 | 14.0
Hexes          | 3 5 8 10 | 10.3
Dodging        | 3 5 |  5.5
Translocations | 3 |  3.2
Armour         | 5 |  5.0
Evocations     | 1 4 |  4.9
Shields        | 2 |  2.6
Spellcasting   | |  1.0

Action                   |  1- 3 |  4- 6 |  7- 9 | 10-12 | 13-15 || total
-------------------------+-------+-------+-------+-------+-------++-------
Melee: Sling             |       |       |     2 |       |       ||     2
       Greatsling        |       |       |       |     2 |       ||     2
 Fire: Sling             |   146 |   274 |   658 |       |       ||  1078
       Shortbow          |       |       |    22 |   577 |       ||   599
       Greatsling        |       |       |       |   502 |   146 ||   648
Throw: Throwing net      |       |       |       |     3 |       ||     3
 Cast: Slow              |    14 |    11 |    23 |    59 |     4 ||   111
       Blink             |       |       |     2 |     4 |       ||     6
       Portal Projectile |       |       |       |     2 |     1 ||     3
       Cause Fear        |       |       |       |     9 |     4 ||    13
       Inner Flame       |       |       |       |       |     1 ||     1
Evoke: Wand              |       |     5 |    20 |    10 |       ||    35
  Use: Scroll            |     2 |    11 |     7 |    12 |     3 ||    35
       Potion            |       |     3 |     5 |     1 |     1 ||    10
Armor: Robe              |     9 |       |       |       |       ||     9
       Leather armour    |     1 |    27 |    87 |    73 |       ||   188
       Ring mail         |     1 |       |       |     4 |       ||     5
       Skin              |       |    16 |       |       |       ||    16
       Troll leather arm |       |       |       |    44 |    21 ||    65
Dodge: Dodged            |    53 |   143 |   379 |   357 |    26 ||   958
Block: Buckler           |       |       |       |    36 |     8 ||    44
